cohdb
Replays
Latest Replays
All Replays
Popular Replays
Top Player Replays
Match Explorer
How It Works
Community
CoH3 Stats
Reddit
Sign in to upload your games and track your stats! →
Sign in with Steam
Match 40578301
Unlisted
Match 40578301
Overview
Messages
Build Orders
End
Pioneer Squad
Construct Infanterie Kompanie
Grenadier Squad
Grenadier Squad
MG 42 Machine Gun Team
Construct Luftwaffe Kompanie
221 Scout Car
Flak 30 Anti-aircraft Gun Team
Support Elements
Jäger Squad
Unsafe
The Last Hussar
Panzerkampfwagen VIII
Crimson Shogun
Guan
lyj00forest
0
0
Comments
sign in to comment!
No comments posted yet!